 Dungeon Crawl Stone Soup version 0.31-a0-187-gba352fbbf7 (webtiles) character file.

Game seed: 13233111963057093283

173 qw the Skirmisher (level 5, -3/29 HPs)
             Began as a Deep Elf Hunter on June 22, 2023.
             Slain by a gnoll
             ... wielding a +0 halberd
              (6 damage)
             ... on level 4 of the Dungeon.
             The game lasted 00:00:53 (2230 turns).

qw the Skirmisher (Deep Elf Hunter)                 Turns: 2230, Time: 00:00:54

Health: -3/29      AC:  6    Str: 14    XL:     5   Next: 28%
Magic:  0/7        EV: 11    Int: 14    God:
Gold:   177        SH:  0    Dex: 20    Spells: 4/4 levels left

rFire   + . .        Y - +1 shortbow
rCold   + . .        (shield currently unavailable)
rNeg    . . .        b - +1 ring mail {rC+}
rPois   .            (no helmet)
rElec   .            (no cloak)
rCorr   .            (no gloves)
SInv    .            (no boots)
Will    .....        k - amulet of guardian spirit
Stlth   +            f - +6 ring of strength
HPRegen 0.24/turn    i - ring of protection from fire
MPRegen 0.10/turn

%: guardian spirit
@: no status effects
A: no striking features
a: no special abilities


You were on level 4 of the Dungeon.
You visited 1 branch of the dungeon, and saw 4 of its levels.

You collected 177 gold pieces.


   Skills:
 - Level 1.5 Fighting
 + Level 8.7 Ranged Weapons
 - Level 2.5 Dodging
 - Level 1.2 Stealth


You had 4 spell levels left.
You didn't know any spells.
Your spell library was empty.

Inventory:

Hand Weapons
 Y - a +1 shortbow (weapon)
Armour
 b - a +1 ring mail of cold resistance (worn)
Jewellery
 f - a +6 ring of strength (left hand)
 i - a ring of protection from fire (right hand)
 k - an amulet of guardian spirit (around neck)
Scrolls
 a - a scroll of identify
 c - 2 scrolls of teleportation {unknown}
Potions
 d - a potion of heal wounds {unknown}
 g - a potion of enlightenment
 h - a potion of degeneration {unknown}
 j - a potion of mutation {unknown}
 l - a potion of cancellation {unknown}
 m - a potion of haste {unknown}
 o - a potion of curing

Dungeon Overview and Level Annotations

Branches:
Dungeon (4/15)
 Temple: D:4-7

Altars:
Cheibriados
The Shining One


Message History

The gnoll moves out of view. x2
The gnoll shouts!
A gnoll comes into view. It is wielding a +0 club.
The gnoll shouts!
The jelly quivers.
You hear a shout!
Enter note: You shoot an arrow.
The arrow hits the kobold!
You kill the kobold!
You shoot an arrow. The arrow hits the gnoll.
The gnoll is moderately wounded.
You shoot an arrow.
The arrow hits the gnoll but does no damage.
You shoot an arrow. The arrow hits the gnoll.
The gnoll is severely wounded.
The gnoll hits you from afar with a +0 halberd.
A hobgoblin comes into view.
The giant cockroach closely misses you.
You shoot an arrow. The arrow hits the giant cockroach!
You kill the giant cockroach!
The gnoll closely misses you.
You shoot an arrow. The arrow barely misses the gnoll.
The arrow hits the gnoll.
The gnoll is almost dead.
The gnoll hits you with a +0 club. The gnoll barely misses you.
You shoot an arrow. The arrow hits the jelly!
The jelly is severely wounded.
The hobgoblin hits you but does no damage.
The gnoll closely misses you. The jelly misses you.
The hobgoblin barely misses you. The gnoll closely misses you.
The gnoll barely misses you. The jelly hits you.
You are splashed with acid!
You shoot an arrow. The arrow hits the jelly!
You kill the jelly!
The gnoll completely misses you. The gnoll hits you with a +0 flail.
The hobgoblin misses you. The gnoll completely misses you.
You shoot an arrow. The arrow hits the gnoll!
The gnoll is heavily wounded.
The gnoll hits you but does no damage. The gnoll hits you with a +0 flail!
The hobgoblin barely misses you.
The gnoll hits you from afar with a +0 halberd!
You die...

#...# ###..#'#.#
#..## #.###
#........# #.## #.#
#..##########.# #.#
#.... #......# #.#
##..... #.######
#.##......... #.#
..|........... ##.#
.....###.......#g.#
###### .....gg@##
......%gg$.....
......##)......
...... .##..>.
...... ## ... .##.#
.. .. . ..


You could see 4 gnolls and a hobgoblin.

Vanquished Creatures
  An orc priest (D:3)
  A jelly (D:4)
  A hound (D:4)
  An adder (D:3)
  2 worms (D:3)
  A dart slug (D:1)
  5 orcs
  4 bats
  5 endoplasms
  3 giant cockroaches
  7 goblins
  5 hobgoblins
  3 jackals (D:3)
  2 quokkas
  4 ball pythons
  5 frilled lizards
  11 kobolds
61 creatures vanquished.

Notes
Turn   | Place    | Note
-------+----------+-------------------------------------------
     0 | D:1      | qw the Deep Elf Hunter began the quest for the Orb.
     0 | D:1      | Reached XP level 1. HP: 12/12 MP: 3/3
     0 | D:1      | 0 ||| qw: Version: 0.3-a-9-g12657ce
     0 | D:1      | 0 ||| qw: Game counter: 2036
     0 | D:1      | 0 ||| qw: Always use a shield: true
     0 | D:1      | 0 ||| qw: God list: Okawaru
     0 | D:1      | 0 ||| qw: Allow faded altars: false
     0 | D:1      | 0 ||| qw: Do Orc after D:15 true
     0 | D:1      | 0 ||| qw: Do second Lair branch before Depths: true
     0 | D:1      | 0 ||| qw: Lair rune preference: random
     0 | D:1      | 0 ||| qw: Plans: Normal
     0 | D:1      | 0 ||| PLANNING D:1-11
   153 | D:1      | Reached skill level 6 in Ranged Weapons
   153 | D:1      | Reached XP level 2. HP: 8/16 MP: 4/4
   588 | D:1      | 588 ||| UPGRADING to +6 ring of strength.
   589 | D:1      | 589 ||| UPGRADING to ring of protection from fire.
   590 | D:1      | 590 ||| READING 3 scrolls labelled XADWITS MICWAE.
   591 | D:1      | 591 ||| DRINKING 2 fizzy white potions.
   592 | D:1      | 592 ||| READING 2 scrolls of identify.
   592 | D:1      | 592 ||| IDENTIFYING murky silvery potion
   593 | D:1      | 593 ||| DROPPING scroll of butterflies.
   594 | D:1      | 594 ||| DROPPING potion of attraction.
  1420 | D:2      | 1420 ||| READING scroll labelled SAGYIH EMOESH.
  1438 | D:3      | Reached XP level 3. HP: 20/20 MP: 5/5
  1447 | D:3      | 1447 ||| STAIRDANCE
  1526 | D:3      | Reached skill level 7 in Ranged Weapons
  1549 | D:3      | 1549 ||| FLEEEEING.
  1550 | D:3      | 1550 ||| FLEEEEING.
  1551 | D:3      | 1551 ||| FLEEEEING.
  1552 | D:3      | 1552 ||| FLEEEEING.
  1553 | D:3      | 1553 ||| FLEEEEING.
  1554 | D:3      | 1554 ||| FLEEEEING.
  1555 | D:3      | 1555 ||| FLEEEEING.
  1556 | D:3      | 1556 ||| FLEEEEING.
  1557 | D:3      | 1557 ||| FLEEEEING.
  1558 | D:3      | 1558 ||| FLEEEEING.
  1559 | D:3      | 1559 ||| FLEEEEING.
  1560 | D:3      | 1560 ||| FLEEEEING.
  1561 | D:3      | 1561 ||| FLEEEEING.
  1562 | D:3      | 1562 ||| FLEEEEING.
  1563 | D:3      | 1563 ||| STAIRDANCE
  1590 | D:2      | 1590 ||| DROPPING +6 ring of intelligence.
  1593 | D:3      | 1593 ||| STAIRDANCE
  1651 | D:3      | Reached XP level 4. HP: 17/25 MP: 6/6
  1822 | D:3      | Reached skill level 8 in Ranged Weapons
  1981 | D:3      | 1981 ||| UPGRADING to +1 ring mail of cold resistance.
  1991 | D:3      | 1991 ||| DROPPING +0 leather armour.
  1992 | D:3      | 1992 ||| UPGRADING to amulet of guardian spirit.
  1997 | D:3      | 1997 ||| READING 4 scrolls labelled FAZOKE JUEN.
  1998 | D:3      | 1998 ||| READING scroll labelled HAXZEH JAGO.
  1999 | D:3      | 1999 ||| DRINKING 2 ruby potions.
  2000 | D:3      | 2000 ||| DROPPING 3 scrolls of poison.
  2002 | D:3      | 2002 ||| Stepping ~*~*~tactically~*~*~ (cloud).
  2120 | D:4      | Reached XP level 5. HP: 29/29 MP: 7/7
  2171 | D:4      | Found a snail-covered altar of Cheibriados.
  2183 | D:4      | Found a glowing golden altar of the Shining One.
  2230 | D:4      | HP: 3/29 [gnoll/+0 flail (5)]
  2230 | D:4      | Slain by a gnoll

Levels and vault maps discovered:
D:1:      dpeg_arrival_rhombus, layout_basic, minmay_tromino_v4_c
D:2:      layout_loops_corners
D:3:      layout_rooms
D:4:      layout_rooms, mainiacjoe_overflow_surrounded_room,
          cheibriados_altar_1, mainiacjoe_overflow_six_doors_small,
          minmay_temple_entry_waves, serial_shops, shop, ebering_ghost_sewer_d

Skill      XL: |  1  2  3  4 |
---------------+-------------+-----
Ranged Weapons | 6 7 8 |  8.7
Fighting       | |  1.5
Dodging        | |  2.5
Stealth        | |  1.2

Action                     |  1- 3 |  4- 6 || total
---------------------------+-------+-------++-------
   Fire: Shortbow          |   104 |    41 ||   145
    Use: Scroll            |     3 |     2 ||     5
         Potion            |     1 |     1 ||     2
 Armour: Leather armour    |     2 |     3 ||     5
         Ring mail         |       |     2 ||     2
  Dodge: Dodged            |    13 |    13 ||    26

Table legend:
 A = Non-vault XP
 B = Vault XP
 C = Vault XP percentage of total XP
 D = Non-vault monster count
 E = Vault monster count
 F = Vault count percentage of total count
                 A         B        C        D         E       F
            +---------+---------+-------+---------+---------+-------
      Total |     244 |       4 |   1.6 |      59 |       2 |   3.3
            +---------+---------+-------+---------+---------+-------
        D:1 |      31 |       4 |  11.4 |      18 |       2 |  10.0
        D:2 |      13 |       0 |   0.0 |       7 |       0 |   0.0
        D:3 |     113 |       0 |   0.0 |      29 |       0 |   0.0
        D:4 |      87 |       0 |   0.0 |       5 |       0 |   0.0
            +---------+---------+-------+---------+---------+-------
